 Dungeon Crawl Stone Soup version 0.30.2 (webtiles) character file.

Game seed: 6274085729257288258

4297 porpoise the Spear-Bearer (level 10, -11/79 HPs)
             Began as a Demonspawn Gladiator on Apr 18, 2024.
             Was a High Priest of Fedhas.
             Mangled by a vampire
             ... wielding a +1 vampiric halberd
              (15 damage)
             ... in a bailey.
             The game lasted 00:21:19 (6930 turns).

porpoise the Spear-Bearer (Demonspawn Gladiator)    Turns: 6930, Time: 00:21:20

Health: -11/79     AC: 11    Str: 19    XL:     10   Next: 11%
Magic:  15/15      EV: 18    Int:  9    God:    Fedhas [*****.]
Gold:   413        SH:  0    Dex: 15    Spells: 9/9 levels left

rFire   + . .        a - +1 trident
rCold   + . .        (no shield)
rNeg    . . .        O - +0 acid dragon scales
rPois   .            (helmet restricted)
rElec   .            F - scarf {rC+ rF+}
rCorr   +            (no gloves)
SInv    .            C - +0 pair of boots
Will    .....        (no amulet)
Stlth   +            f - +5 ring of evasion
HPRegen 0.33/turn    l - +4 ring of slaying
MPRegen 0.14/turn

%: no passive effects
@: no status effects
A: horns 1, yellow scales 2, demonic guardian 1
a: Renounce Religion, Wall of Briars, Grow Ballistomycete, Overgrow, Grow Oklob


You were in a bailey.
You worshipped Fedhas.
Fedhas was extremely pleased with you.
You visited 2 branches of the dungeon, and saw 9 of its levels.
You also visited: Sewer, Ossuary and Bailey.

You collected 413 gold pieces.

Inventory:

Hand Weapons
 a - a +1 trident (weapon)
 b - a +0 sling
Missiles
 d - 4 throwing nets (quivered)
 e - a javelin
 r - 5 boomerangs of dispersal
 s - 3 poisoned darts
 D - 4 boomerangs
Armour
 o - a +3 leather armour
 C - a +0 pair of boots (worn)
 F - a scarf of resistance (worn)
 G - a +0 cloak
 O - +0 acid dragon scales (worn)
Jewellery
 c - a ring of protection from fire
 f - a +5 ring of evasion (left hand)
 j - a ring of willpower
 k - a ring of fire
 l - a +4 ring of slaying (right hand)
 u - a ring of flight
Wands
 y - a wand of paralysis (11)
 N - a wand of mindburst (9)
Scrolls
 i - 3 scrolls of enchant weapon
 m - 7 scrolls of teleportation
 n - a scroll of poison
 q - 4 scrolls of vulnerability
 v - 2 scrolls of fog
 w - a scroll of silence {unknown}
 x - 2 scrolls of blinking
 E - a scroll of enchant armour {unknown}
 K - 3 scrolls of identify
 P - a scroll of noise {unknown}
Potions
 g - 2 potions of haste
 h - 4 potions of heal wounds
 p - a potion of cancellation
 t - 4 potions of curing
 z - a potion of might
 A - 4 potions of ambrosia
 B - 4 potions of brilliance
 H - a potion of berserk rage
 I - 3 potions of lignification {unknown}
 J - a potion of flight {unknown}
 L - a potion of mutation {unknown}
 M - 3 potions of attraction {unknown}


   Skills:
 - Level 7.0 Fighting
 * Level 9.9 Polearms
 - Level 1.7 Throwing
 * Level 3.2 Armour
 * Level 4.3 Dodging
 + Level 7.7 Invocations


You had 9 spell levels left.
You didn't know any spells.
Your spell library contained the following spells:

 Spells                   Type           Power      Damage    Failure   Level
 Cigotuvi's Dreadful Rot  Necr/Pois/Air  0%         N/A       61%         2
 Ignite Poison            Fire/Tmut/Pois 0%         N/A       83%         3
 Ozocubu's Armour         Ice            0%         N/A       83%         3
 Tukima's Dance           Hex            0%         N/A       83%         3
 Dispel Undead            Necr           0%         3d6       99%         4
 Passage of Golubria      Tloc           0%         N/A       99%         4
 Sticky Flame             Conj/Fire      0%         2d3       99%         4
 Yara's Violent Unravell  Hex/Tmut       0%         3d3       100%        5
 Death Channel            Necr           0%         N/A       100%        6
 Ozocubu's Refrigeration  Ice            0%         4d7       100%        7
 Ignition                 Fire           0%         3d3       100%        8


Dungeon Overview and Level Annotations

Branches:
Dungeon (8/15)             Temple (1/1) D:4           Sewer (visited)
Ossuary (visited)          Bailey (1/1)
   Lair: D:8-11

Altars:
Ashenzari
Cheibriados
Dithmenos
Fedhas
Gozag
Hepliaklqana
Makhleb
Nemelex Xobeh
Okawaru
Qazlal
Ru
Sif Muna
Trog
Uskayaw
Vehumet
Wu Jian
Xom
Yredelemnul

Shops:
D:7 *


Innate Abilities, Weirdness & Mutations

You have a pair of small horns on your head.
You are mostly covered in yellow scales. (AC +3)
A weak demonic guardian rushes to your aid.


Message History

Reach: a) +1 trident
Press: ? - help, Dir - move target You could not reach far enough!
Something hits you!
Unknown command.
Reach: a) +1 trident
Press: ? - help, Dir - move target You reach to attack!
You hit something.
Unknown command.
Reach: a) +1 trident
Press: ? - help, Dir - move target You reach to attack!
You closely miss something. Something hits you but does no damage.
Unknown command.
Reach: a) +1 trident
Press: ? - help, Dir - move target You could not reach far enough!
Something hits you!
Unknown command.
Reach: a) +1 trident
Press: ? - help, Dir - move target You reach to attack!
You closely miss something. Something hits you!
* * * LOW HITPOINT WARNING * * *
Unknown command.
You feel much better. Something completely misses you.
Unknown command.
Something hits you!
You see here the +1 leather armour "Dotor" {Fly}.
You swap places.
Something hits you! Something bites you!
* * * LOW HITPOINT WARNING * * *
Something draws strength from your injuries!
You puncture something! Something completely misses you.
Something bites you but does no damage.
You miss something. Your headbutt misses something. You barely miss something.
Something hits you but does no damage. Something bites you but does no damage.
You hit something. Something hits you!
* * * LOW HITPOINT WARNING * * *
A demonic guardian appears!
Something barely misses you. Something hits you!
You die...
Fedhas appreciates your contribution to the ecosystem.

###### ##.[@8##
##!!{.5"##
#8.5##..8# #..#
##..# #..#
##..##########
#...##...#8......8#
##......##.......8#
##....##...#######
###''##...##....8#


You could see a friendly iron imp (summoned) and a friendly ufetubus (summoned).

Vanquished Creatures
  Pikel (D:6)
  A hornet (D:8)
  Prince Ribbit (D:7)
  Sigmund (D:2)
  An acid dragon (D:7)
  A water moccasin (D:6)
  An ogre (D:5)
  A lemure (D:6)
  2 phantoms
  5 bullfrogs
  A gnoll sergeant (D:7)
  7 water moccasin zombies (Ossuary)
  5 wights (D:6)
  8 vampire bats (Bailey)
  5 wolf zombies (Bailey)
  2 hounds
  2 jellies
  2 orc priests (D:8)
  A gnoll bouda (D:7)
  Jessica (D:2)
  3 iguanas
  2 orc wizards
  2 mummies (Ossuary)
  Robin (D:2)
  8 gnolls (D:7)
  4 adders
  2 shadow imps
  4 ufetubi
  4 adder zombies (Ossuary)
  A worm (D:5)
  5 dart slugs
  13 orcs
  5 bats
  17 endoplasms
  15 giant cockroaches
  3 gnoll zombies
  14 goblins
  5 hobgoblins
  9 jackals
  9 kobolds
  8 quokkas
  17 ball pythons
  10 frilled lizards
  4 hobgoblin zombies (Ossuary)
  7 kobold zombies (Ossuary)
  19 orc zombies
  4 rats
  A spectral goblin (D:4)
245 creatures vanquished.

Vanquished Creatures (collateral kills)
  A gargoyle (Bailey)
  A water moccasin (D:7)
  A bullfrog (D:7)
  3 orc zombies (Bailey)
6 creatures vanquished.

Vanquished Creatures (others)
  A sleepcap (D:6)
1 creature vanquished.

Grand Total: 252 creatures vanquished

Notes
Turn   | Place    | Note
-------+----------+-------------------------------------------
     0 | D:1      | porpoise the Demonspawn Gladiator began the quest for the
                  | Orb.
     0 | D:1      | Reached XP level 1. HP: 16/16 MP: 1/1
    39 | D:1      | Found a faded altar of an unknown god.
    49 | D:1      | Reached skill level 3 in Polearms
    70 | D:1      | Gained mutation: You are partially covered in yellow
                  | scales. (AC +2) [demonic ancestry]
    70 | D:1      | Reached XP level 2. HP: 22/22 MP: 2/2
   443 | D:1      | Gained mutation: You have a pair of small horns on your
                  | head. [demonic ancestry]
   443 | D:1      | Reached XP level 3. HP: 28/28 MP: 3/3
   856 | D:2      | Noticed Jessica
   863 | D:2      | Killed Jessica
   977 | D:2      | Reached skill level 4 in Polearms
  1008 | D:2      | Noticed Robin
  1023 | D:2      | Reached XP level 4. HP: 34/34 MP: 4/4
  1029 | D:2      | Killed Robin
  1218 | D:2      | Noticed Sigmund
  1229 | D:2      | Killed Sigmund
  1230 | D:2      | Reached skill level 5 in Polearms
  1230 | D:2      | Gained mutation: You are mostly covered in yellow scales.
                  | (AC +3) [demonic ancestry]
  1230 | D:2      | Reached XP level 5. HP: 35/42 MP: 5/5
  1734 | D:3      | Found a snail-covered altar of Cheibriados.
  1734 | D:3      | Found a radiant altar of Vehumet.
  1812 | D:3      | Found a stormy altar of Qazlal.
  1858 | D:3      | Reached XP level 6. HP: 48/48 MP: 6/6
  2394 | D:4      | Found a glowing drain.
  2422 | D:4      | You fall into a shaft and drop 1 floor!
  2422 | D:5      | Entered Level 5 of the Dungeon
  2623 | D:4      | Found a staircase to the Ecumenical Temple.
  2641 | Temple   | Entered the Ecumenical Temple
  2664 | Temple   | Became a worshipper of Fedhas Madash
  2729 | Sewer    | Entered a sewer
  2782 | Sewer    | Reached skill level 6 in Polearms
  2825 | Sewer    | Reached * piety under Fedhas
  3048 | Sewer    | Reached ** piety under Fedhas
  3054 | Sewer    | Reached skill level 1 in Invocations
  3054 | Sewer    | Gained mutation: A weak demonic guardian rushes to your
                  | aid. [demonic ancestry]
  3054 | Sewer    | Reached XP level 7. HP: 47/55 MP: 6/8
  3170 | D:4      | Found a hazy altar of Hepliaklqana.
  3634 | D:5      | Found a hide-covered altar of Uskayaw.
  3649 | D:5      | Reached skill level 5 in Fighting
  4315 | D:6      | Reached skill level 7 in Polearms
  4438 | D:6      | Reached XP level 8. HP: 56/62 MP: 10/10
  4580 | D:6      | Noticed Pikel
  4599 | D:6      | Killed Pikel
  4600 | D:6      | Reached skill level 5 in Invocations
  4713 | D:6      | Reached skill level 8 in Polearms
  5279 | D:7      | Reached *** piety under Fedhas
  5280 | D:7      | Reached XP level 9. HP: 71/71 MP: 13/13
  5318 | D:7      | Noticed Prince Ribbit
  5327 | D:7      | Killed Prince Ribbit
  5340 | D:7      | Found Zin's Purification Station.
  5355 | D:7      | Reached skill level 9 in Polearms
  5608 | D:7      | Found a sand-covered staircase.
  5618 | Ossuary  | Entered an ossuary
  5717 | Ossuary  | Reached skill level 1 in Armour
  5780 | Ossuary  | Reached **** piety under Fedhas
  6145 | D:8      | Found a flagged portal.
  6190 | Bailey   | Entered a bailey
  6575 | Bailey   | Reached XP level 10. HP: 76/79 MP: 15/15
  6636 | Bailey   | Noticed a gargoyle
  6657 | Bailey   | Killed a gargoyle
  6657 | Bailey   | Reached ***** piety under Fedhas
  6924 | Bailey   | Identified the +1 leather armour "Dotor" {Fly}
  6930 | Bailey   | Mangled by a vampire

Illustrated notes

Levels and vault maps discovered:
D:1:      elethiomel_arrival_quiet, layout_basic,
          hellmonk_ecumenical_altar_arch_garden
D:2:      layout_loops_ring, uniq_robin, uniq_jessica, uniq_sigmund
D:3:      minmay_wonky_spiral, layout_rooms, nicolae_qazlal_general_emergency,
          gammafunk_temple_overflow_pools, kennysheep_boxes
D:4:      layout_cave_pools, nicolae_hepliaklqana_monster_ancestors,
          minmay_temple_entry_tees, cheibrodos_sewer_entry_sluice,
          minmay_misc_feat_pillars
D:5:      layout_loops_ring, nicolae_uskayaw_dance_hall, minmay_liquid_box
D:6:      layout_basic, uniq_pikel
D:7:      layout_basic, zin_purify, enter_ossuary_3, minmay_microvault,
          uniq_prince_ribbit1
D:8:      layout_basic, hellmonk_ghost_big_iron, enter_bailey_2, uniq_maggie
Temple:   hellmonk_temple_two_chambers
Bailey:   bailey_polearm_vampire_castle_hellmonk, bailey

Skill      XL: |  1  2  3  4  5  6  7  8  9 10 |
---------------+-------------------------------+-----
Polearms       | 3 4 5 6 7 8 9 |  9.9
Fighting       | 3 4 5 6 7 |  7.0
Invocations    | 1 3 6 7 |  7.7
Armour         | 2 3 |  3.2
Dodging        | 4 |  4.3
Throwing       | |  1.7

Action                     |  1- 3 |  4- 6 |  7- 9 | 10-12 || total
---------------------------+-------+-------+-------+-------++-------
  Melee: Trident           |    98 |   187 |   383 |    55 ||   723
         Headbutt          |     6 |    21 |    60 |     3 ||    90
         Punch             |     1 |     3 |     5 |     2 ||    11
   Fire: Sling             |       |       |    19 |       ||    19
    Use: Scroll            |     2 |     7 |     8 |       ||    17
         Potion            |       |       |       |     1 ||     1
   Stab: Sleeping          |     1 |     1 |     2 |       ||     4
 Armour: Leather armour    |    18 |    26 |    36 |       ||    80
         Acid dragon scale |       |       |    33 |    10 ||    43
  Dodge: Dodged            |    61 |   136 |   278 |    24 ||   499
